 Dungeon Crawl Stone Soup version 0.30-a0-632-g346586fe48 (webtiles) character file.

Game seed: 193067923896478360

1265 wormed the Chiller (level 8, -4/64 HPs)
             Began as an Octopode Transmuter on Jan 13, 2023.
             Slain by Pikel
             ... wielding a +2 whip of flaming
              (18 damage)
             ... on level 5 of the Dungeon.
             The game lasted 00:07:38 (6237 turns).

wormed the Chiller (Octopode Transmuter)            Turns: 6237, Time: 00:07:39

Health: -4/64      AC:  7    Str: 10    XL:     8   Next: 52%
Magic:  10/14      EV: 11    Int: 17    God:
Gold:   293        SH:  0    Dex: 12    Spells: 9/15 levels left

rFire   x . .      SeeInvis .      - Unarmed
rCold   + + +      Faith    .    (shield currently unavailable)
rNeg    . . .      Spirit   .    (helmet currently unavailable)
rPois   +          Reflect  .    (no amulet)
rElec   .          Harm     .    (no ring)
rCorr   .          Rampage  .    (no ring)
Will    .....                    (no ring)
Stlth   +                        (no ring)
HPRegen 0.30/turn                (no ring)
MPRegen 0.14/turn                (no ring)
                                 (no ring)
                                 (no ring)

@: ice-form, wereblooded
A: freezing attack, boosted hp, almost no armour, amphibious, 8 rings, large,
(camouflage 1), (gelatinous body 1), (nimble swimmer 1), (tentacles)
a: End Transformation


You were on level 5 of the Dungeon.
You were a creature of crystalline ice.
You visited 2 branches of the dungeon, and saw 6 of its levels.

You collected 293 gold pieces.

Inventory:

Missiles
 f - 2 throwing nets
Armour
 a - the +2 hat of Resonance (melded) {rElec rF+ Will+ Int+4}
   (You acquired it on level 2 of the Dungeon)

   Int:       It affects your intelligence (+4).
   rF:        It protects you from fire.
   rElec:     It insulates you from electricity.
   Will:      It increases your willpower.
Jewellery
 k - a ring of poison resistance
 p - a ring of ice
Wands
 e - a wand of iceblast (8)
Scrolls
 b - a scroll of enchant armour
 c - a scroll of silence
 d - a scroll of noise
 g - a scroll of torment
 h - a scroll of teleportation
 l - a scroll of fog {unknown}
 n - a scroll of magic mapping
Potions
 i - 2 potions of degeneration
 j - a potion of magic
 m - a potion of might
 o - a potion of curing
 q - 2 potions of cancellation


   Skills:
 + Level 3.7 Fighting
 + Level 4.1 Dodging
 + Level 4.7 Unarmed Combat
 + Level 4.0 Spellcasting
 + Level 4.3 Transmutations
 - Level 5.0 Ice Magic


You had 9 spell levels left.
You knew the following spells:

 Your Spells              Type           Power      Damage    Failure   Level
a - Wereblood             Tmut           18%        N/A       4%          2
b - Ice Form              Ice/Tmut       19%        N/A       22%         4

Your spell library contained the following spells:

 Spells                   Type           Power      Damage    Failure   Level
 Beastly Appendage        Tmut           36%        N/A       2%          1
 Ensorcelled Hibernation  Hex/Ice        22%        N/A       9%          2
 Passwall                 Tmut/Erth      8%         N/A       10%         2
 Slow                     Hex            12%        N/A       16%         1
 Spider Form              Tmut/Pois      10%        N/A       19%         3
 Blink                    Tloc           6%         N/A       24%         2
 Momentum Strike          Conj/Tloc      6%         3d8       24%         2
 Sublimation of Blood     Necr           3%         N/A       24%         2
 Ignite Poison            Fire/Tmut/Pois 8%         N/A       26%         3
 Call Canine Familiar     Summ           3%         N/A       43%         3
 Confusing Touch          Hex            3%         N/A       43%         3
 Lesser Beckoning         Tloc           6%         N/A       43%         3
 Portal Projectile        Hex/Tloc       6%         N/A       43%         3
 Swiftness                Air            3%         N/A       43%         3
 Vampiric Draining        Necr           3%         2d6       43%         3
 Animate Dead             Necr           3%         N/A       83%         4
 Leda's Liquefaction      Hex/Erth       1%         N/A       83%         4
 Olgreb's Toxic Radiance  Pois           3%         N/A       83%         4
 Passage of Golubria      Tloc           3%         N/A       83%         4
 Sticky Flame             Conj/Fire      3%         2d3       83%         4
 Borgnjor's Vile Clutch   Necr/Erth      1%         N/A       99%         5
 Summon Forest            Summ/Tloc      1%         N/A       99%         5
 Death Channel            Necr           1%         N/A       100%        6
 Eringya's Noxious Bog    Tmut/Pois      5%         N/A       100%        6
 Ozocubu's Refrigeration  Ice            10%        4d9       100%        7
 Summon Hydra             Summ           1%         N/A       100%        7
 Ignition                 Fire           1%         3d3       100%        8


Dungeon Overview and Level Annotations

Branches:
Dungeon (5/15)             Temple (1/1) D:4

Altars:
Ashenzari
Dithmenos
Elyvilon
Fedhas
Hepliaklqana
Kikubaaqudgha
Qazlal
Ru
Sif Muna
Trog
Uskayaw
Vehumet
Wu Jian
Xom
Yredelemnul
Zin
The Shining One

Annotations:
D:5 Pikel


Innate Abilities, Weirdness & Mutations

You are a creature of crystalline ice.
You have a powerful freezing melee attack.
Your maximum health is increased.
Your armour is entirely melded.
You are incapable of wielding weapons or throwing items.
You cannot wear most types of armour.
You are amphibious.
You can wear up to eight rings at the same time.
((Your skin changes colour to match your surroundings (Stealth+).))
((Your rubbery body absorbs attacks. (AC +1, EV +1)))
((You are camouflaged when in or above water. (Stealth+)))
((You have tentacles for arms and can constrict up to eight enemies at once.))


Message History

The spell is quite dangerous to miscast (17% risk of failure)!
Continue anyway?
You turn into a creature of crystalline ice.
The +2 hat of Resonance {rElec rF+ Will+ Int+4} melds into your body.
The lemure shouts!
A lemure comes into view. x2
The lemure shouts!
You hear a shout!
Pikel, Merchant of Souls comes into view.
He is wielding a +2 whip of flaming.
Pikel shouts!
The lemure hits you.
You punch the lemure! You freeze the lemure.
The lemure is heavily wounded.
Pikel says, "You'll feel the lick of my whip!"
The lemure hits you.
The lemure shouts!
You punch the lemure! You freeze the lemure.
You kill the lemure!
That felt strangely unrewarding.
The lemure barely misses you.
You punch the lemure! You freeze the lemure.
The lemure is heavily wounded.
A lemure comes into view.
The lemure misses you.
You hit Pikel but do no damage.
Pikel drinks a potion.
Pikel seems to grow stronger.
The lemure hits you.
You punch Pikel! You freeze Pikel!
Pikel is heavily wounded.
You hit Pikel but do no damage.
Pikel is heavily wounded.
Pikel hits you with a +2 whip of flaming!
Pikel melts you! The lemure closely misses you.
You punch Pikel! You freeze Pikel.
Pikel is almost dead.
Pikel hits you with a +2 whip of flaming!
* * * LOW HITPOINT WARNING * * *
Pikel melts you.
* * * LOW HITPOINT WARNING * * *
The lemure hits you but does no damage.
You hit Pikel but do no damage.
Pikel is almost dead.
Pikel hits you with a +2 whip of flaming!!
You die...

######.....# #....'.....#
...# #....#.....# ...#
#....#.....# ....#
##...#.....# ....#
#....#.....#########.....#
#.##+#.....#.......#.....#
#..........#...5.........#
#..........'..YK5.5......#
###..........#.......##....#
.............#'######## .5#
....†)................# #
...#'########.........#
...+....#...#.........#
...#....#...#.>.......#######
#+##....#...#...............#
..##...##...#...............#


You could see Pikel (strong) and 3 lemures.

Vanquished Creatures
  Sigmund (D:5)
  Eustachio (D:4)
  An ice beast (D:5)
  2 ogres
  A lemure (D:5)
  Blork the orc (D:5)
  2 phantoms (D:5)
  A jelly (D:5)
  2 orc priests
  2 iguanas (D:5)
  Ijyb (D:3)
  3 orc wizards
  8 gnolls (D:3)
  7 adders
  A white imp (D:5)
  2 dart slugs
  11 orcs
  8 endoplasms
  4 giant cockroaches
  3 goblins
  4 hobgoblins
  8 jackals
  4 kobolds
  7 quokkas
  10 ball pythons
  7 bats
  3 frilled lizards
  4 rats
109 creatures vanquished.

Vanquished Creatures (others)
  2 fungi (D:3)
  2 plants (D:3)
4 creatures vanquished.

Grand Total: 113 creatures vanquished

Notes
Turn   | Place    | Note
-------+----------+-------------------------------------------
     0 | D:1      | wormed the Octopode Transmuter began the quest for the Orb.
     0 | D:1      | Reached XP level 1. HP: 13/13 MP: 3/3
    17 | D:1      | Got the Lectures on the Excursion and the Cure
   151 | D:1      | Reached XP level 2. HP: 18/18 MP: 5/5
   240 | D:1      | Reached skill level 1 in Ice Magic
   343 | D:1      | Learned a level 2 spell: Wereblood
   893 | D:2      | Reached XP level 3. HP: 23/23 MP: 2/6
  1254 | D:2      | Reached skill level 2 in Ice Magic
  1254 | D:2      | Reached XP level 4. HP: 25/28 MP: 3/7
  2114 | D:2      | Identified a scroll of acquirement
  2114 | D:2      | Acquired the +2 hat of Resonance {rElec rF+ Will+ Int+4}
  2154 | D:3      | Learned a level 4 spell: Ice Form
  2244 | D:3      | Found a faded altar of an unknown god.
  2246 | D:3      | Noticed Ijyb
  2315 | D:3      | Killed Ijyb
  2482 | D:3      | Reached XP level 5. HP: 22/30 MP: 4/8
  2954 | D:3      | Reached skill level 3 in Ice Magic
  3043 | D:3      | Reached XP level 6. HP: 21/39 MP: 7/9
  4060 | D:4      | Found a radiant altar of Vehumet.
  4060 | D:4      | Found a shadowy altar of Dithmenos.
  4060 | D:4      | Found a glowing golden altar of the Shining One.
  4436 | D:4      | Noticed Eustachio
  4452 | D:4      | Killed Eustachio
  4453 | D:4      | Reached XP level 7. HP: 19/45 MP: 6/11
  4805 | D:4      | Found a staircase to the Ecumenical Temple.
  4814 | Temple   | Entered the Ecumenical Temple
  4962 | D:4      | Reached skill level 4 in Ice Magic
  5318 | D:5      | Entered Level 5 of the Dungeon
  5613 | D:5      | Noticed Blork the orc
  5622 | D:5      | Killed Blork the orc
  5648 | D:5      | Reached XP level 8. HP: 52/52 MP: 9/13
  5999 | D:5      | Noticed Sigmund
  6007 | D:5      | Killed Sigmund
  6008 | D:5      | Reached skill level 5 in Ice Magic
  6228 | D:5      | Noticed Pikel
  6237 | D:5      | Slain by Pikel

Illustrated notes

Levels and vault maps discovered:
D:1:      minmay_arrival_diagonal_passages, layout_rooms
D:2:      layout_basic
D:3:      layout_loops_corners, dreamdust_ecumenical_altar_grove, uniq_ijyb
D:4:      layout_basic, gammafunk_temple_overflow_claw, temple_statues,
          nrook_uturn, supply_closet_lemuel, uniq_eustachio
D:5:      layout_gridville, uniq_blork_the_orc, uniq_sigmund, uniq_pikel
Temple:   eino_narrow_crystal_temple

Skill      XL: |  1  2  3  4  5  6  7  8 |
---------------+-------------------------+-----
Ice Magic      | 1 2 3 4 5 |  5.0
Transmutations | 3 4 |  4.3
Fighting       | 2 3 |  3.7
Dodging        | 3 4 |  4.1
Unarmed Combat | 4 |  4.7
Spellcasting   | 3 4 |  4.0

Action                   |  1- 3 |  4- 6 |  7- 9 || total
-------------------------+-------+-------+-------++-------
Melee: Unarmed           |    64 |   146 |    69 ||   279
       Constrict         |    15 |    23 |     3 ||    41
       Tentacles         |    14 |    20 |     1 ||    35
       Kick              |     7 |    17 |       ||    24
       Punch             |     1 |     1 |       ||     2
 Cast: Beastly Appendage |    15 |    20 |       ||    35
       Wereblood         |     8 |    28 |    13 ||    49
       Ice Form          |       |    11 |    12 ||    23
  Use: Scroll            |     7 |     5 |     5 ||    17
       Potion            |     1 |     2 |       ||     3
 Stab: Sleeping          |     5 |       |       ||     5
Armor: Skin              |    30 |    36 |    19 ||    85
Dodge: Dodged            |    53 |   110 |    24 ||   187

Table legend: (Time is in decaauts)
 A = Elapsed time spent in this place.
 B = Non-inter-level travel time spent in this place.
 C = Inter-level travel time spent in this place.
 D = Time resting spent in this place.
 E = Time spent auto-exploring this place.
 F = Levels seen in this place.
 G = Mean time per level.
                   A        B        C        D        E       F      G
               +--------+--------+--------+--------+--------+-----+--------+
         Total |   6217 |   6109 |    108 |     31 |   5186 |   6 | 1036.2 |
       Dungeon |   6080 |   5981 |     99 |     31 |   5068 |   5 | 1216.0 |
        Temple |    136 |    127 |      9 |      0 |    118 |   1 |  136.0 |
               +--------+--------+--------+--------+--------+-----+--------+

Top non-repeatable levels by time:
     D:4: 1539 daAuts
     D:3: 1484 daAuts
     D:2: 1361 daAuts
     D:5: 913 daAuts
     D:1: 781 daAuts
  Temple: 136 daAuts
